 Dungeon Crawl Stone Soup version 0.31-a0-152-g6aa68a64a1 (webtiles) character file.

Game seed: 13122504901607414140

72 qw the Shooter (level 4, -4/39 HPs)
             Began as a Naga Hunter on June 10, 2023.
             Slain by a gnoll
             ... wielding a +0 flail
              (7 damage)
             ... on level 2 of the Dungeon.
             The game lasted 00:00:24 (1219 turns).

qw the Shooter (Naga Hunter)                        Turns: 1219, Time: 00:00:24

Health: -4/39      AC:  2    Str: 13    XL:     4   Next: 26%
Magic:  4/4        EV:  9    Int:  9    God:
Gold:   49         SH:  0    Dex: 17    Spells: 3/3 levels left

rFire   . . .        Y - +0 shortbow
rCold   . . .        (shield currently unavailable)
rNeg    . . .        c - +0 leather armour
rPois   +            (no helmet)
rElec   .            (no cloak)
rCorr   .            (no gloves)
SInv    +            (no barding)
Will    .....        (no amulet)
Stlth   ++           (no ring)
HPRegen 0.26/turn    (no ring)
MPRegen 0.09/turn

%: no passive effects
@: short of breath, very slow
A: AC +1, large, see invisible, deformed body, poison resistance, slowness 2,
spit poison 1, naga tail 1
a: Spit Poison


You were on level 2 of the Dungeon.
You visited 1 branch of the dungeon, and saw 2 of its levels.

You collected 49 gold pieces.


Innate Abilities, Weirdness & Mutations

Your serpentine skin is tough. (AC +1)
You have supernaturally acute eyesight. (SInv)
Armour fits poorly on your strangely shaped body.
Your system is resistant to poisons. (rPois)
You cover ground very slowly.
You can spit poison.
You have a snake-like lower body.


   Skills:
 + Level 2.2 Fighting
 - Level 5.0 Ranged Weapons
 - Level 1.5 Dodging
 - Level 1.5 Stealth


You had 3 spell levels left.
You didn't know any spells.
Your spell library was empty.

Inventory:

Hand Weapons
 Y - a +0 shortbow (weapon)
Armour
 c - a +0 leather armour (worn)
Scrolls
 a - 3 scrolls of identify
 b - a scroll of noise {unknown}
 f - a scroll of enchant armour {unknown}
 j - a scroll of amnesia {unknown}
Potions
 d - a potion of enlightenment {unknown}
 e - a potion of experience {unknown}
 g - a potion of curing
 h - a potion of mutation {unknown}
 i - 2 potions of haste {unknown}
 k - a potion of heal wounds {unknown}

Dungeon Overview and Level Annotations

Branches:
Dungeon (2/15)

Altars:

Annotations:
D:2 1 runed translucent door, Crazy Yiuf


Message History

You shoot an arrow. The arrow closely misses the gnoll.
You shoot an arrow. The arrow hits the gnoll.
You kill the gnoll!
Your Ranged Weapons skill increases to level 5!
You have reached level 4!
You feel agile.
You shoot an arrow. The arrow hits the gnoll.
The gnoll is lightly wounded.
A hobgoblin comes into view.
You shoot an arrow. The arrow closely misses the gnoll.
You shoot an arrow. The arrow hits the gnoll!
The gnoll is almost dead.
You shoot an arrow. The arrow closely misses the gnoll.
You have got your breath back.
1213 ||| INVOKING Spit Poison.
Aiming: Spit Poison (1% risk of failure)
Press: ? - help, Shift-Dir - straight line, f/p - gnoll You fail to use your ability.
The gnoll hits you with a +0 club.
1214 ||| INVOKING Spit Poison.
Aiming: Spit Poison (1% risk of failure)
Press: ? - help, Shift-Dir - straight line, f/p - gnoll The splash of poison misses the gnoll.
The gnoll barely misses you.
You shoot an arrow.
The arrow hits the gnoll but does no damage.
The gnoll is almost dead.
The gnoll hits you with a +0 club.
You shoot an arrow.
The arrow hits the gnoll but does no damage.
The gnoll is almost dead.
The gnoll hits you with a +0 club. The gnoll hits you with a +0 flail.
You shoot an arrow. The arrow closely misses the gnoll.
The gnoll hits you with a +0 flail! The gnoll closely misses you.
You shoot an arrow. The arrow hits the gnoll.
You kill the gnoll!
The gnoll hits you with a +0 flail! The gnoll closely misses you.
The hobgoblin completely misses you.
You shoot an arrow. The arrow barely misses the gnoll.
The gnoll hits you with a +0 flail!
You die...

...# #..# #...
#... #..#
.#####..#
....).gg# #.# #@#
#.###.# #.....#
#..#### #..# #..#
#..########
#.........# .#
#.#######.#######.


You could see a gnoll and a hobgoblin.

Vanquished Creatures
  2 gnolls (D:2)
  An adder (D:2)
  A dart slug (D:1)
  An orc (D:2)
  4 ball pythons
  3 bats (D:1)
  5 endoplasms (D:1)
  2 goblins (D:1)
  4 hobgoblins (D:1)
  8 jackals
  A quokka (D:2)
  2 frilled lizards
  2 kobolds
36 creatures vanquished.

Notes
Turn   | Place    | Note
-------+----------+-------------------------------------------
     0 | D:1      | qw the Naga Hunter began the quest for the Orb.
     0 | D:1      | Reached XP level 1. HP: 19/19 MP: 1/1
     0 | D:1      | 0 ||| qw: Version: 0.2-a-122-gbc61b45
     0 | D:1      | 0 ||| qw: Game counter: 3626
     0 | D:1      | 0 ||| qw: Always use a shield: true
     0 | D:1      | 0 ||| qw: God list: Okawaru
     0 | D:1      | 0 ||| qw: Allow faded altars: false
     0 | D:1      | 0 ||| qw: Do Orc after D:15 true
     0 | D:1      | 0 ||| qw: Do second Lair branch before Depths: true
     0 | D:1      | 0 ||| qw: Lair rune preference: random
     0 | D:1      | 0 ||| qw: Plans: Normal
     0 | D:1      | 0 ||| PLANNING D:1-11
    70 | D:1      | 70 ||| INVOKING Spit Poison.
   168 | D:1      | 168 ||| INVOKING Spit Poison.
   184 | D:1      | 184 ||| INVOKING Spit Poison.
   198 | D:1      | 198 ||| INVOKING Spit Poison.
   203 | D:1      | 203 ||| INVOKING Spit Poison.
   204 | D:1      | Reached skill level 4 in Ranged Weapons
   204 | D:1      | Reached XP level 2. HP: 25/26 MP: 2/2
   206 | D:1      | 206 ||| INVOKING Spit Poison.
   355 | D:1      | 355 ||| INVOKING Spit Poison.
   395 | D:1      | 395 ||| INVOKING Spit Poison.
   399 | D:1      | 399 ||| INVOKING Spit Poison.
   437 | D:1      | 437 ||| INVOKING Spit Poison.
   458 | D:1      | 458 ||| INVOKING Spit Poison.
   464 | D:1      | Reached XP level 3. HP: 32/32 MP: 3/3
   473 | D:1      | 473 ||| INVOKING Spit Poison.
   479 | D:1      | 479 ||| INVOKING Spit Poison.
   554 | D:1      | 554 ||| INVOKING Spit Poison.
   828 | D:1      | 828 ||| READING 2 scrolls labelled TATRETU BEME.
   829 | D:1      | 829 ||| READING scroll labelled KAATUH TAUJ.
   834 | D:1      | 834 ||| DRINKING 2 metallic black potions.
   835 | D:1      | 835 ||| DROPPING scroll of butterflies.
   878 | D:2      | 878 ||| INVOKING Spit Poison.
   894 | D:2      | 894 ||| INVOKING Spit Poison.
   965 | D:2      | 965 ||| INVOKING Spit Poison.
  1008 | D:2      | 1008 ||| INVOKING Spit Poison.
  1042 | D:2      | Found a runed translucent door.
  1043 | D:2      | Noticed Crazy Yiuf
  1094 | D:2      | 1094 ||| INVOKING Spit Poison.
  1145 | D:2      | 1145 ||| INVOKING Spit Poison.
  1151 | D:2      | 1151 ||| INVOKING Spit Poison.
  1170 | D:2      | 1170 ||| INVOKING Spit Poison.
  1206 | D:2      | 1206 ||| INVOKING Spit Poison.
  1209 | D:2      | Reached skill level 5 in Ranged Weapons
  1209 | D:2      | Reached XP level 4. HP: 39/39 MP: 4/4
  1213 | D:2      | 1213 ||| INVOKING Spit Poison.
  1214 | D:2      | 1214 ||| INVOKING Spit Poison.
  1218 | D:2      | HP: 3/39 [gnoll/+0 flail (12)]
  1219 | D:2      | Slain by a gnoll

Levels and vault maps discovered:
D:1:      lemuel_arrival_tunnels, layout_loops_ring
D:2:      layout_loops_ring, dreamdust_ecumenical_altar_statues,
          minmay_small_reverse_x, uniq_crazy_yiuf_cottage

Skill      XL: |  1  2  3 |
---------------+----------+-----
Ranged Weapons | 4 5 |  5.0
Fighting       | |  2.2
Dodging        | |  1.5
Stealth        | |  1.5

Action                     |  1- 3 |  4- 6 || total
---------------------------+-------+-------++-------
   Fire: Shortbow          |    65 |     9 ||    74
Ability: Spit Poison       |    23 |     1 ||    24
    Use: Scroll            |     2 |       ||     2
         Potion            |     1 |       ||     1
 Armour: Leather armour    |     4 |       ||     4
  Dodge: Dodged            |    10 |     4 ||    14

Table legend:
 A = Non-vault XP
 B = Vault XP
 C = Vault XP percentage of total XP
 D = Non-vault monster count
 E = Vault monster count
 F = Vault count percentage of total count
                 A         B        C        D         E       F
            +---------+---------+-------+---------+---------+-------
      Total |     104 |       0 |   0.0 |      36 |       0 |   0.0
            +---------+---------+-------+---------+---------+-------
        D:1 |      46 |       0 |   0.0 |      24 |       0 |   0.0
        D:2 |      58 |       0 |   0.0 |      12 |       0 |   0.0
            +---------+---------+-------+---------+---------+-------
